 Dungeon Crawl Stone Soup version 0.18-a0-844-g9229740 (webtiles) character file.

61 4thArraOfDagon the Distorting Demonspawn (level 3, -1/29 HPs)
             Began as a Demonspawn Abyssal Knight on Dec 18, 2015.
             Was a Believer of Lugonu.
             Slain by an adder (2 damage)
             ... on level 3 of the Dungeon.
             The game lasted 00:04:14 (931 turns).

4thArraOfDagon the Distorting Demonspawn (DsAK)      Turns: 931, Time: 00:04:14

Health: -1/29      AC:  8    Str: 11 (12) XL:     3   Next: 83%
Magic:  5/5        EV:  5    Int: 14      God:    Lugonu [**....]
Gold:   77         SH:  0    Dex: 12      Spells: 0 memorised, 2 levels left

rFire  . . .     SeeInvis .     a - +1 hand axe
rCold  . . .     Gourm    .     g - +0 chain mail
rNeg   . . .     Faith    .     (no shield)
rPois  .         Spirit   .     (no helmet)
rElec  .         Dismiss  .     (no cloak)
rCorr  .         Reflect  .     (no gloves)
SustAt .         Harm     .     (no boots)
MR     .....                    (no amulet)
Stlth  ..........               (no ring)
                                (no ring)

@: lethally poisoned (-1 -> -3), not resistant to hostile enchantments,
extremely unstealthy
A: nightstalker 1
a: Depart the Abyss, Bend Space, Renounce Religion


You were on level 3 of the Dungeon.
You worshipped Lugonu.
Lugonu was pleased with you.
You were hungry.

You visited 1 branch of the dungeon, and saw 3 of its levels.
You visited the Abyss 1 time.

You collected 77 gold pieces.

Inventory:

Hand Weapons
 a - a +1 hand axe (weapon)
Armour
 g - a +0 chain mail (worn)
Scrolls
 e - 2 scrolls of random uselessness {unknown}
 f - 2 scrolls of identify {unknown}
 i - 2 scrolls of teleportation
 k - a scroll of remove curse
Comestibles
 c - 3 bread rations
 j - a beef jerky
 l - a meat ration


   Skills:
 + Level 3.2 Fighting
 * Level 2.8 Axes
 + Level 2.1 Armour
 - Level 0.8 Dodging
 * Level 3.7 Invocations


You had 2 spell levels left.
You didn't know any spells.

Dungeon Overview and Level Annotations

Branches:
Dungeon (3/15)

Altars:

Annotations:
D:3 4thArraOfDagon's ghost, weakling DsAK


Innate Abilities, Weirdness & Mutations

You are slightly more attuned to the shadows.


Message History

The adder is heavily wounded.
The adder bites you but does no damage. The adder bites you.
* * * LOW HITPOINT WARNING * * *
You are poisoned.
The adder poisons you!
You miss the adder.
The adder is heavily wounded.
You feel sick. The adder bites you but does no damage.
Your chain mail prevents you from hitting the adder.
The adder is heavily wounded.
The adder bites you but does no damage.
You closely miss the adder.
The adder is heavily wounded.
The adder bites you but does no damage. The adder bites you.
* * * LOW HITPOINT WARNING * * *
You closely miss the adder.
The adder is heavily wounded.
* * * LOW HITPOINT WARNING * * *
You feel sick. The adder bites you.
You die...

#†..# ......
######...# .....#
.........###.# ...
....
.............# ..
... .........####
.# ## #
........>...####.#
.
######.#.#.......#
#
#.#.#.......##...
##
#.#.#.....@S.....
..
#.#.##.#######...
### #.#.##.# #..
#.##.# #.# #.# #..
.. ### # # #


You could see an adder.

Vanquished Creatures
  3 adders (D:2)
  A worm (D:2)
  2 giant cockroaches
  5 hobgoblins
  4 jackals (D:3)
  A quokka (D:2)
  A ball python (D:3)
  3 giant newts
  5 goblins
  2 kobolds
  6 rats
33 creatures vanquished.

Notes
Turn   | Place    | Note
--------------------------------------------------------------
     0 | Abyss:1  | 4thArraOfDagon the Demonspawn Abyssal Knight began the quest for the Orb.
     0 | Abyss:1  | Reached XP level 1. HP: 18/18 MP: 2/2
    45 | Abyss:1  | Noticed a large abomination
    60 | Abyss:1  | Noticed an efreet
    70 | D:1      | Escaped the Abyss
   336 | D:1      | Reached * piety under Lugonu
   418 | D:2      | Gained mutation: You are slightly more attuned to the shadows. [demonic ancestry]
   418 | D:2      | Reached XP level 2. HP: 13/24 MP: 4/4
   524 | D:2      | Reached XP level 3. HP: 21/29 MP: 5/5
   781 | D:3      | Noticed 4thArraOfDagon's ghost (weakling DsAK)
   911 | D:3      | Reached ** piety under Lugonu
   931 | D:3      | HP: 1/29 [poisoned by an adder]
   931 | D:3      | Slain by an adder

Vault maps used:
D:1:      saegor_arrival_simple_a
D:2:      nicolae_overflow_hidden_temple, lemuel_crystal_altar, first_bread,
          kennysheep_generic_room_5
D:3:      grunt_temple_overflow_growth_and_decay, serial_bayou_pond_e

Action                   || total
-------------------------++-------
Melee: Hand axe          ||   140
Invok: Depart the Abyss  ||     1
  Use: Potion            ||     6
       Scroll            ||     4
 Stab: Sleeping          ||     1
